 Dungeon Crawl Stone Soup version 0.28.0-53-g5a82cb258f (webtiles) character file.

Game seed: 4613218022738881477

14894 dranuc9 the Thaumaturge (level 11, -4/84 HPs)
             Began as a Deep Elf Conjurer on June 30, 2022.
             Was a Believer of Vehumet.
             Succumbed to a meliai's poison
             ... on level 13 of the Dungeon on July 1, 2022.
             The game lasted 03:12:10 (20766 turns).

dranuc9 the Thaumaturge (Deep Elf Conjurer)        Turns: 20766, Time: 03:12:11

Health: -4/84      AC: 25    Str:  4    XL:     11   Next: 94%
Magic:  25/29      EV:  2    Int: 28    God:    Vehumet [**....]
Gold:   789        SH:  0    Dex: 19    Spells: 22/34 levels left

rFire   . . .      SeeInvis .   g - +1 longbow
rCold   . . .      Faith    .   (shield currently unavailable)
rNeg    + . .      Spirit   .   (armour currently unavailable)
rPois   +          Reflect  .   (helmet currently unavailable)
rElec   .          Harm     .   (cloak currently unavailable)
rCorr   .          Rampage  .   (gloves currently unavailable)
Will    +....      NoTele   +   (boots currently unavailable)
Stlth   +++.......              (no amulet)
HPRegen 0.24/turn               w - ring of positive energy
MPRegen 0.21/turn               A - +6 ring of dexterity

@: lethally poisoned (-4 -> -34), tree-form
A: stationary, stasis, torment immunity, boosted hp
a: Renounce Religion


You were on level 13 of the Dungeon.
You worshipped Vehumet.
Vehumet was pleased with you.
You were a tree.
You visited 2 branches of the dungeon, and saw 14 of its levels.

You collected 789 gold pieces.

Inventory:

Hand Weapons
 g - a +1 longbow (weapon)
 y - a +0 dagger of venom
 G - a +3 shortbow
Missiles
 c - 399 arrows (quivered ammo)
 k - 30 poisoned darts
 m - 6 curare-tipped darts
 p - 3 throwing nets
Armour
 a - a +0 robe (melded)
 f - a +1 helmet (melded)
 v - a +1 pair of boots (melded)
Jewellery
 w - a ring of positive energy (left branch)
 A - a +6 ring of dexterity (right branch)
Wands
 s - a wand of digging (5)
 z - a wand of polymorph (8)
 C - a wand of paralysis (6)
 D - a wand of iceblast (1)
Scrolls
 b - 3 scrolls of teleportation
 e - 2 scrolls of torment
 l - a scroll of enchant armour
 r - 3 scrolls of identify
 u - a scroll of fear
 x - a scroll of holy word
 B - 2 scrolls of amnesia
 E - a scroll of noise
 L - a scroll of magic mapping {unknown}
Potions
 d - 3 potions of degeneration
 h - a potion of lignification
 i - a potion of haste
 n - 5 potions of flight
 o - 4 potions of attraction
 q - 2 potions of brilliance
 H - 2 potions of mutation
 J - a potion of magic {unknown}
Miscellaneous
 j - a piece from Xom's chessboard (15/15)
 t - a phantom mirror (inert)
 F - a phantom mirror (inert)
 I - a piece from Xom's chessboard (15/15)
 M - a piece from Xom's chessboard (15/15)


   Skills:
 + Level 1.3 Fighting
 + Level 2.0 Short Blades
 * Level 5.9 Bows
 * Level 7.8 Dodging
 + Level 4.3 Stealth
 * Level 12.2 Spellcasting
 * Level 11.2 Conjurations
 * Level 9.8 Hexes
 * Level 6.7 Necromancy
 + Level 1.2 Translocations
 * Level 6.4 Fire Magic
 * Level 2.1 Evocations


You had 22 spell levels left.
You knew the following spells:

 Your Spells              Type           Power      Damage    Failure   Level
a - Magic Dart            Conj           100%       1d8       1%          1
b - Searing Ray           Conj           100%       2d8       1%          2
c - Fulminant Prism       Conj/Hex       33%        3d16      1%          4
d - Dazzling Flash        Conj/Hex       100%       N/A       1%          3
e - Blink                 Tloc           48%        N/A       3%          2

Your spell library contained the following spells:

 Spells                   Type           Power      Damage    Failure   Level
 Scorch                   Fire           100%       2d10      1%          2
 Sublimation of Blood     Necr           53%        N/A       1%          2
 Iskenderun's Mystic Bla  Conj/Tloc      51%        2d11      2%          4
 Beastly Appendage        Tmut           34%        N/A       3%          1
 Wereblood                Tmut           17%        N/A       4%          2
 Lesser Beckoning         Tloc           24%        N/A       6%          3
 Spider Form              Tmut/Pois      17%        N/A       10%         3
 Metabolic Englaciation   Hex/Ice        22%        N/A       12%         5
 Borgnjor's Vile Clutch   Necr/Erth      18%        N/A       22%         5
 Petrify                  Tmut/Erth      17%        N/A       32%         4
 Summon Lightning Spire   Summ/Air       17%        N/A       32%         4
 Manifold Assault         Tloc           24%        N/A       47%         5
 Summon Forest            Summ/Tloc      10%        N/A       56%         5
 Alistair's Intoxication  Tmut/Pois      11%        N/A       65%         5
 Eringya's Noxious Bog    Tmut/Pois      8%         N/A       99%         6
 Statue Form              Tmut/Erth      11%        N/A       99%         6
 Storm Form               Tmut/Air       8%         N/A       100%        7
 Summon Hydra             Summ           8%         N/A       100%        7
 Maxwell's Capacitive Co  Air            8%         ∞         100%        8


Dungeon Overview and Level Annotations

Branches:
Dungeon (13/15)            Temple (1/1) D:7            Lair (0/6) D:9
    Orc (0/2) D:12
 Vaults: D:13-14

Altars:
Cheibriados
Dithmenos
Elyvilon
Fedhas
Gozag
Hepliaklqana
Kikubaaqudgha
Nemelex Xobeh
Okawaru
Qazlal
Ru
Sif Muna
Uskayaw
Vehumet
Wu Jian
Xom
Yredelemnul
Zin
The Shining One

Shops:
D:3 :   D:4 [   D:7 (

Annotations:
D:4 1 runed translucent door, Crazy Yiuf


Message History

The meliai buzzes angrily.
The meliai calls down the wrath of its god upon you.
Something smites you!
Casting: Fulminant Prism (safe; 1% risk of failure)
Confirm with . or Enter, or press ? or * to list all spells.
Aiming: Searing Ray (safe; 1% risk of failure)
Press: ? - help, Shift-Dir - straight line The searing ray hits the meliai!
The meliai is moderately wounded. (Press . to maintain the ray.)
The meliai closely misses you. The meliai stings you.
You are poisoned.
The meliai poisons you! The meliai hits you with a +0 hand axe!
The meliai stings you.
You are lethally poisoned!
The meliai poisons you!
Casting: Searing Ray (safe; 1% risk of failure)
Confirm with . or Enter, or press ? or * to list all spells.
Restarting spell: Searing Ray (safe; 1% risk of failure)
Press: ? - help, Shift-Dir - straight line The searing ray hits the meliai!
The meliai is severely wounded. (Press . to maintain the ray.)
You feel extremely sick.
The meliai mumbles some strange prayers to its god against you.
Something smites you!
* * * LOW HITPOINT WARNING * * *
The meliai barely misses you.
The meliai stings you but does no damage.
The searing ray hits the meliai!
You kill the meliai!
Vehumet accepts your kill.
You feel your power returning.
* * * LOW HITPOINT WARNING * * *
You feel extremely sick.
It was a potion of lignification.
You turn into a tree.
Your +1 helmet melds into your body.
Your +1 pair of boots melds into your body.
Your +0 robe melds into your body.
Your roots penetrate the ground.
You die...

#. #.##########.# #. #.#
#.# ##.##'#### #.#
#####........#
#.#########
.............#
#.........# ###.........#
###########.#
.............# ..( #.#
#####........####.######
# #.#
............♣)...>......#
#.#
########.#######...####.#
#.# #.. ...#..c.# #.#
#### ...#...*# #.#
...#<...# #.# ...######
#.# .... #.# ##
..#########.# .#
.............


There were no monsters in sight!

Vanquished Creatures
  A boulder beetle (D:11)
  A centaur warrior (D:11)
  2 two-headed ogres
  2 deep elf pyromancers (D:12)
  A cyclops (D:11)
  Maurice (D:9)
  3 unseen horrors
  A komodo dragon (D:9)
  The ghost of bnorton916 the Magician, a novice DEFE (D:6)
  A meliai (D:13)
  3 trolls
  A shadow (D:11)
  5 wraiths
  20 yaks
  2 steam dragons
  4 basilisks
  A water moccasin (D:8)
  A sky beast (D:4)
  An ice beast (D:7)
  An orc warrior (D:10)
  A black bear (D:4)
  A hornet zombie (D:6)
  5 ogres
  5 centaurs
  2 kobold brigands
  2 bullfrogs
  2 scorpions
  A wyvern zombie (D:8)
  A gnoll sergeant (D:7)
  4 killer bees (D:9)
  3 wights (D:8)
  2 howler monkeys
  A crimson imp (D:7)
  2 centaur zombies
  3 hounds
  2 jellies
  A bullfrog zombie (D:6)
  8 orc priests
  A bullfrog skeleton (D:5)
  A gnoll shaman (D:7)
  Ijyb (D:5)
  8 orc wizards
  3 iguanas
  A hound zombie (D:5)
  2 howler monkey zombies (D:10)
  15 gnolls
  7 adders
  2 white imps
  2 worms
  2 dart slugs
  28 orcs
  A bat (D:3)
  4 endoplasms
  3 giant cockroaches
  8 goblins
  6 hobgoblins
  4 jackals
  15 kobolds
  A quokka (D:1)
  3 ball pythons
  7 frilled lizards
  A quokka skeleton (D:4)
  A rat (D:3)
  A fulminant prism (D:12)
227 creatures vanquished.

Vanquished Creatures (collateral kills)
  A centaur warrior (D:13)
1 creature vanquished.

Vanquished Creatures (others)
  197 fulminant prisms
197 creatures vanquished.

Grand Total: 425 creatures vanquished

Notes
Turn   | Place    | Note
-------+----------+-------------------------------------------
     0 | D:1      | dranuc9 the Deep Elf Conjurer began the quest for the Orb.
     0 | D:1      | Reached XP level 1. HP: 10/10 MP: 6/6
   121 | D:1      | Reached XP level 2. HP: 15/15 MP: 4/8
   124 | D:1      | Learned a level 2 spell: Searing Ray
   311 | D:1      | Reached skill level 5 in Conjurations
  1045 | D:2      | Found a faded altar of an unknown god.
  1137 | D:2      | Reached XP level 3. HP: 19/19 MP: 3/9
  1285 | D:2      | You fall into a shaft and drop 2 floors!
  1476 | D:3      | Reached XP level 4. HP: 24/24 MP: 4/11
  1600 | D:3      | Found Ugum's Book Boutique.
  2612 | D:3      | Reached XP level 5. HP: 24/28 MP: 7/12
  2697 | D:2      | Reached skill level 1 in Bows
  3493 | D:4      | Noticed a black bear
  3540 | D:4      | Found Ruoczos's Armour Emporium.
  3799 | D:4      | Noticed a sky beast
  3811 | D:4      | Killed a sky beast
  3812 | D:4      | Reached skill level 4 in Spellcasting
  3812 | D:4      | Reached skill level 1 in Necromancy
  3812 | D:4      | Reached skill level 1 in Fire Magic
  3812 | D:4      | Reached XP level 6. HP: 18/32 MP: 1/14
  4399 | D:4      | Found a runed translucent door.
  4400 | D:4      | Noticed Crazy Yiuf
  4699 | D:4      | Reached skill level 1 in Short Blades
  4968 | D:5      | Entered Level 5 of the Dungeon
  4985 | D:5      | Reached XP level 7. HP: 36/36 MP: 9/16
  5049 | D:5      | Reached skill level 5 in Spellcasting
  5352 | D:5      | Noticed Ijyb
  5362 | D:5      | Killed Ijyb
  5842 | D:5      | Reached skill level 6 in Spellcasting
  5871 | D:5      | Reached XP level 8. HP: 41/41 MP: 13/19
  6608 | D:6      | Learned a level 4 spell: Fulminant Prism
  7313 | D:6      | Found a runed translucent gate.
  7313 | D:6      | Found a runed translucent gate.
  7313 | D:6      | Found a runed translucent gate.
  7313 | D:6      | Noticed bnorton916's ghost (novice DEFE)
  7315 | D:6      | Found a basalt altar of Yredelemnul.
  7323 | D:6      | Reached skill level 7 in Spellcasting
  7424 | D:6      | Killed bnorton916's ghost
  7425 | D:6      | Reached skill level 1 in Fighting
  7425 | D:6      | Reached skill level 5 in Dodging
  7731 | D:7      | Killed an unseen horror
  7732 | D:7      | Reached XP level 9. HP: 7/47 MP: 13/22
  8329 | D:7      | Found a staircase to the Ecumenical Temple.
  8338 | D:7      | Reached skill level 8 in Spellcasting
  8390 | Temple   | Entered the Ecumenical Temple
  8566 | Temple   | Became a worshipper of Vehumet
  8981 | D:7      | Reached skill level 5 in Hexes
  9203 | D:7      | Found Visues's Antique Weapon Boutique.
  9789 | D:7      | Learned a level 3 spell: Dazzling Flash
 11011 | D:9      | Noticed Maurice
 11131 | D:9      | Killed Maurice
 11132 | D:9      | Reached skill level 9 in Spellcasting
 11456 | D:9      | Reached XP level 10. HP: 52/52 MP: 20/25
 11503 | D:9      | Noticed a two-headed ogre
 11741 | D:9      | Reached * piety under Vehumet
 11741 | D:9      | Offered knowledge of Sandblast by Vehumet.
 11858 | D:9      | Killed a two-headed ogre
 12201 | D:9      | Reached skill level 5 in Bows
 12201 | D:9      | Reached skill level 10 in Spellcasting
 12373 | D:9      | Reached skill level 5 in Fire Magic
 12892 | D:9      | Reached skill level 5 in Necromancy
 13044 | D:9      | Found a staircase to the Lair.
 13292 | D:10     | Entered Level 10 of the Dungeon
 14038 | D:10     | Noticed a two-headed ogre
 14049 | D:10     | Killed a two-headed ogre
 14050 | D:10     | Reached skill level 11 in Spellcasting
 14050 | D:10     | Reached skill level 10 in Conjurations
 14050 | D:10     | Reached XP level 11. HP: 56/56 MP: 16/28
 14925 | D:11     | Noticed a centaur warrior
 15295 | D:11     | Offered knowledge of Scorch by Vehumet.
 15388 | D:11     | Killed a centaur warrior
 15389 | D:11     | Reached skill level 1 in Evocations
 15394 | D:11     | Learned a level 2 spell: Blink
 15399 | D:11     | Reached ** piety under Vehumet
 15499 | D:11     | Found a white marble altar of Elyvilon.
 16604 | D:12     | Found a staircase to the Orcish Mines.
 16614 | D:12     | Noticed a deep elf pyromancer
 16617 | D:12     | Noticed a boulder beetle
 16991 | D:12     | Noticed a deep elf pyromancer
 16997 | D:12     | Killed a deep elf pyromancer
 17024 | D:11     | Reached skill level 1 in Translocations
 17290 | D:12     | Killed a deep elf pyromancer
 17291 | D:12     | Reached skill level 12 in Spellcasting
 19293 | D:11     | Killed a boulder beetle
 19865 | D:12     | Got the Collected Works on Moulding and the Voyage
 19897 | D:13     | Noticed a centaur warrior
 20365 | D:13     | Killed a centaur warrior
 20765 | D:13     | HP: 1/56 [poisoned by a meliai]
 20766 | D:13     | Succumbed to a meliai's poison

Illustrated notes

Levels and vault maps discovered:
D:1:      dpeg_arrival_radiant, layout_loops_ring
D:2:      layout_basic, hellmonk_ecumenical_altar_heavens_door
D:3:      layout_basic, serial_shops, nicolae_shop_behind_doors
D:4:      layout_gridville, serial_shops, nicolae_shop_hallway_plus,
          uniq_crazy_yiuf_cottage
D:5:      layout_basic, grunt_ministairs_15, kennysheep_doodads, uniq_ijyb
D:6:      layout_cave_pools, nicolae_yredelemnul_ghost_church,
          serial_column_ruins, column_ruins_hut_ruined,
          column_ruins_open_medium, column_ruins_columns_plus,
          column_ruins_open_medium, column_ruins_open_tiny
D:7:      layout_loops_ring, minmay_temple_entry_purple_smoke, serial_shops,
          shop, minmay_fire_ice_demons
D:8:      layout_basic, kennysheep_generic_room_10
D:9:      layout_basic, erik_lair_dragon, uniq_maurice
D:10:     layout_loops_ring
D:11:     layout_gridville, elyvilon_altar_1
D:12:     layout_rooms, orc_0_dummy, due_unseen_surprise
D:13:     layout_basic, ximxim_vaults_locker_room
Temple:   mainiacjoe_temple_starburst

Skill      XL: |  1  2  3  4  5  6  7  8  9 10 11 |
---------------+----------------------------------+-----
Conjurations   | 5 6 7 8 10 11 | 11.2
Hexes          | 2 3 4 6 8 9 |  9.8
Bows           | 1 2 4 5 |  5.9
Dodging        | 3 4 5 6 7 |  7.8
Spellcasting   | 4 6 7 9 11 12 | 12.2
Necromancy     | 1 2 3 4 5 6 |  6.7
Fire Magic     | 1 3 4 5 6 |  6.4
Short Blades   | 1 2 |  2.0
Stealth        | 3 4 |  4.3
Fighting       | 1 |  1.3
Evocations     | 2 |  2.1
Translocations | 1 |  1.2

Action                   |  1- 3 |  4- 6 |  7- 9 | 10-12 || total
-------------------------+-------+-------+-------+-------++-------
Melee: Longbow           |       |       |       |     1 ||     1
 Fire: Longbow           |       |     1 |    43 |    12 ||    56
 Cast: Magic Dart        |    43 |    47 |    30 |     1 ||   121
       Searing Ray       |     3 |    25 |    43 |    33 ||   104
       Fulminant Prism   |       |       |    53 |   150 ||   203
       Dazzling Flash    |       |       |       |     3 ||     3
       Blink             |       |       |       |     7 ||     7
Evoke: Wand              |       |       |       |     9 ||     9
       Phantom mirror    |       |       |       |     1 ||     1
  Use: Scroll            |       |       |    12 |    12 ||    24
       Potion            |       |       |     1 |    10 ||    11
Armor: Robe              |       |     2 |    14 |    23 ||    39
Dodge: Dodged            |     1 |     9 |    30 |    40 ||    80
